 Dungeon Crawl Stone Soup version 0.27-a0-1595-g0b823d0a13 (webtiles) character file.

Game seed: 1223431255063835905

45 zazu2006 the Magician (level 3, 0/28 HPs)
             Began as a Naga Hedge Wizard on July 20, 2021.
             Slain by a hobgoblin (3 damage)
             ... led by Robin
             ... on level 2 of the Dungeon.
             The game lasted 00:02:20 (1578 turns).

zazu2006 the Magician (Naga Hedge Wizard)           Turns: 1578, Time: 00:02:21

Health: 0/28       AC:  2    Str: 12    XL:     3   Next: 64%
Magic:  1/8        EV:  9    Int: 15    God:
Gold:   69         SH:  0    Dex: 10    Spells: 0/9 levels left

rFire    . . .     SeeInvis +   a - +0 dagger
rCold    . . .     Faith    .   (no shield)
rNeg     . . .     Spirit   .   h - +0 leather armour
rPois    +         Reflect  .   c - +0 hat
rElec    .         Harm     .   (no cloak)
rCorr    .         Rampage  .   (no gloves)
Will     .....                  (no barding)
Stlth    ++........             (no amulet)
HPRegen  0.09/turn              (no ring)
MPRegen  0.11/turn              (no ring)

@: very slow
A: AC +1, large, see invisible, deformed body, poison resistance, slowness 2,
spit poison 1, naga tail 1
a: Spit Poison


You were on level 2 of the Dungeon.
You visited 1 branch of the dungeon, and saw 2 of its levels.

You collected 69 gold pieces.

Inventory:

Hand Weapons
 a - a +0 dagger (weapon)
Armour
 c - a +0 hat (worn)
 h - a +0 leather armour (worn)
Scrolls
 b - a scroll of teleportation {unknown}
 e - a scroll of immolation {unknown}
 f - a scroll of fear {unknown}
 g - a scroll of noise {unknown}
 i - a scroll of fog {unknown}
 j - 2 scrolls of identify {unknown}
Potions
 d - a potion of curing {unknown}


   Skills:
 + Level 1.7 Dodging
 + Level 3.4 Stealth
 + Level 3.9 Spellcasting
 + Level 1.6 Conjurations
 + Level 1.0 Summonings
 + Level 1.0 Translocations


You couldn't memorise any spells.
You knew the following spells:

 Your Spells              Type           Power      Damage    Failure   Level
a - Magic Dart            Conj           28%        1d4       12%         1
b - Mephitic Cloud        Conj/Pois/Air  4%         N/A       50%         3
c - Conjure Flame         Conj/Fire      5%         6-21      45%         3
d - Blink                 Tloc           N/A        N/A       24%         2

Your spell library contained the following spells:

 Spells                   Type           Power      Damage    Failure   Level
 Corona                   Hex            2%         N/A       24%         1
 Call Imp                 Summ           5%         N/A       24%         2
 Ensorcelled Hibernation  Hex/Ice        4%         N/A       34%         2
 Slow                     Hex            2%         N/A       34%         2
 Tukima's Dance           Hex            2%         N/A       56%         3


Dungeon Overview and Level Annotations

Branches:
Dungeon (2/15)

Altars:

Shops:
D:1 [

Annotations:
D:2 Robin


Innate Abilities, Weirdness & Mutations

Your serpentine skin is tough. (AC +1)
You have supernaturally acute eyesight. (SInv)
Armour fits poorly on your strangely shaped body.
Your system is resistant to poisons. (rPois)
You cover ground very slowly.
You can spit poison.
You have a snake-like lower body.


Message History

Press: ? - help, Shift-Dir - straight line, f/p - adder
Aim: an adder (heavily wounded, 100% to hit)
You miscast Magic Dart.
Nothing appears to happen.
The adder bites you but does no damage.
You have got your breath back.
The adder bites you. The adder bites you. The adder bites you.
The adder barely misses you. The adder bites you.
Press: ? - help, Shift-Dir - straight line, f/p - adder
Aim: an adder (heavily wounded)
The splash of poison hits the adder!
You kill the adder!
Unknown command.
Casting: Magic Dart (safe; 12% risk of failure)
Confirm with . or Enter, or press ? or * to list all spells.
Aiming: Magic Dart (safe; 12% risk of failure)
Press: ? - help, Shift-Dir - straight line, f - hobgoblin
Aim: a hobgoblin (100% to hit)
The magic dart hits the hobgoblin but does no damage.
You hit the hobgoblin but do no damage.
You have got your breath back.
The hobgoblin closely misses you.
Your magical contamination has completely faded away.
You hit the hobgoblin but do no damage. The hobgoblin hits you.
You barely miss the hobgoblin. The hobgoblin barely misses you.
Robin of the Strong Arm comes into view.
They are wielding a +0 short sword.
The hobgoblin hits you.
Robin roars a battlecry!
The goblins go into a battle-frenzy!
A goblin comes into view. It is wielding a +0 dagger.
The hobgoblin hits you. The hobgoblin hits you.
* * * LOW HITPOINT WARNING * * *
Robin throws the goblin at you! The goblin hits you with a +0 dagger.
* * * LOW HITPOINT WARNING * * *
A worm comes into view.
The hobgoblin hits you.
You die...

#.##.#.#####...≈≈.≈#
#.##.#.# #≈..≈≈.≈#
#...g..# #≈..≈≈...
####.### ###≈..≈≈..# #.#
#...≈.≈≈≈.# ######.#
#÷##.≈≈≈≈## ...##g###
#.###≈≈≈..# ###.##g..#
#.##.#≈≈#.# #....@g..#
#.####≈≈#..
....#.##...###.##≈≈≈####
#w #...........#≈####
#.####........[..###..#
#..|<...........##.##.#
#######.#...#.#.##..#.#
#.#...#.#.###.#.##
#.#...#†#........#
##.#.###.##.......#


You could see a worm, Robin, a hobgoblin (strong) and 2 goblins.

Vanquished Creatures
  An adder (D:2)
  A dart slug (D:1)
  3 endoplasms (D:1)
  A giant cockroach (D:2)
  5 goblins
  5 hobgoblins
  A kobold (D:2)
  A quokka (D:2)
  3 ball pythons
  3 bats
  4 frilled lizards
  3 rats
31 creatures vanquished.

Notes
Turn   | Place    | Note
-------+----------+-------------------------------------------
     0 | D:1      | zazu2006 the Naga Hedge Wizard began the quest for the Orb.
     0 | D:1      | Reached XP level 1. HP: 15/15 MP: 4/4
   332 | D:1      | Reached XP level 2. HP: 22/22 MP: 4/6
   677 | D:1      | Found Yqyurec's Antique Armour Emporium.
   701 | D:1      | Found a faded altar of an unknown god.
  1121 | D:2      | Reached XP level 3. HP: 28/28 MP: 4/8
  1125 | D:2      | Learned a level 3 spell: Mephitic Cloud
  1129 | D:2      | Learned a level 3 spell: Conjure Flame
  1132 | D:2      | Learned a level 2 spell: Blink
  1570 | D:2      | Noticed Robin
  1578 | D:2      | Slain by a hobgoblin

Illustrated notes

Levels and vault maps discovered:
D:1:      dpeg_arrival_chambers_temple_mockup, layout_basic,
          ebering_ecumenical_altar_petrified, serial_shops, nicolae_square_shop
D:2:      layout_loops_cross, chequers_serial_rivers_small_3, uniq_robin

Action                   || total
-------------------------++-------
Melee: Dagger            ||     8
 Cast: Magic Dart        ||    70
 Abil: Spit Poison       ||    12
Armor: Robe              ||     1
       Leather armour    ||     3
Dodge: Dodged            ||     9

Table legend: (Time is in decaauts)
 A = Elapsed time spent in this place.
 B = Non-inter-level travel time spent in this place.
 C = Inter-level travel time spent in this place.
 D = Time resting spent in this place.
 E = Time spent auto-exploring this place.
 F = Levels seen in this place.
 G = Mean time per level.
                   A        B        C        D        E       F      G
               +--------+--------+--------+--------+--------+-----+--------+
         Total |   1854 |   1812 |     42 |      0 |   1603 |   2 |  927.0 |
       Dungeon |   1854 |   1812 |     42 |      0 |   1603 |   2 |  927.0 |
               +--------+--------+--------+--------+--------+-----+--------+

Top non-repeatable levels by time:
     D:1: 1254 daAuts
     D:2: 600 daAuts
